Cogmind - Beta 13 X1 @@@ ROGUE MODE // 2023.10.07 @ 18:49:44 Player: Exp. Geonium Core Result: Self-destructed Performance ------------- Evolutions (5) 2500 Regions Visited (10) 2000 Robots Destroyed (105) 525 Value Destroyed (2591) 2591 Prototype IDs (36) 720 Alien Tech Used (0) 0 Bonus (-833) -833 TOTAL SCORE: 7503 Bonus ------- High Alert Combat Kills 93 Follower Combat Kills 118 Aligned with FarCom 300 Friendly Fire -1344 Cogmind --------- Core Integrity 638/1000 Matter 295/300 Energy 99/100 System Corruption 4% Temperature Cool (0) Movement Flying (29) Location -5/Factory Parts ------- > --- POWER (1) -------- (None) > --- PROPULSION (3) --- Cooled VTOL Module Cooled VTOL Module > --- UTILITY (11) ----- Advanced Signal Interpreter Improved Melee Analysis Suite Advanced Launcher Guidance Computer EX Chip 1 EX Chip 1 EX Chip 1 EX Chip 1 Hacking Suite > --- WEAPON (2) ------- (None) > --- INVENTORY (5) ---- Compact Battery (200) Improved Light Armor Plating System Purifier 8R-AWN's Boregun Katana Peak State ------------ > --- POWER ------------ Enhanced Nuclear Core > --- PROPULSION ------- Gravmag System Cooled Airjet Improved Gravmag System > --- UTILITY ---------- Medium Storage Unit Advanced Signal Interpreter Improved Melee Analysis Suite EX Chip 1 EX Chip 1 EX Chip 1 EX Chip 1 Hacking Suite System Shield System Shield > --- WEAPON ----------- Hypervelocity Railgun Hypervelocity Railgun > --- INVENTORY -------- Gravmag Array Cooled VTOL Module Compact Battery Advanced Launcher Guidance Computer Improved Light Armor Plating System Purifier 8R-AWN's Boregun Katana [Rating: 67] Favorites ----------- Power Enhanced Nuclear Core Engine Light Ion Engine Power Core Enhanced Nuclear Core Reactor Cold Fusion Reactor Propulsion Advanced Treads Treads Advanced Treads Leg Aluminum Leg Hover Unit Gravmag System Flight Unit Cooled VTOL Module Utility EX Chip 1 Device Makeshift Sensor Array Storage High-capacity Storage Unit Processor Advanced Targeting Computer Hackware EX Chip 1 Protection Hardened Light Armor Plating Weapon Katana Energy Cannon Advanced Beam Cannon Ballistic Gun Light Assault Rifle Ballistic Cannon Assault Cannon Launcher Mini Grenade Launcher Slashing Weapon Katana Build | -11 -10 -10 -9 -9 -9 -8 -8 -7 -6 -5 ------- Run | Jun Mat Min Mat Min Exi Min Mat Fac Fac Fac Slots Evolved 10 | . . . 2 . . . 2 2 2 2 Power . | . . . . . . . . . . . Propulsion 1 | . . . 1 . . . . . . . Utility 9 | . . . 1 . . . 2 2 2 2 Weapon . | . . . . . . . . . . . Parts Attached 98 | . 1 8 23 2 16 1 14 9 13 11 Power 13 | . . 1 5 . 2 . 1 2 1 1 Engine 4 | . . . 3 . 1 . . . . . Core 7 | . . 1 2 . . . . 2 1 1 Reactor 2 | . . . . . 1 . 1 . . . Propulsion 33 | . . 2 9 . 3 . 6 3 6 4 Treads 14 | . . 2 8 . 3 . 1 . . . Leg . | . . . . . . . . . . . Wheel . | . . . . . . . . . . . Hover 16 | . . . . . . . 5 3 6 2 Flight 3 | . . . 1 . . . . . . 2 Utility 34 | . 1 5 5 . 5 . 4 4 6 4 Device 7 | . 1 3 . . 1 . . 1 1 . Storage 3 | . . 2 . . . . 1 . . . Processor 7 | . . . 2 . 1 . . . 2 2 Hackware 12 | . . . . . 2 . 2 3 3 2 Protection 5 | . . . 3 . 1 . 1 . . . Artifact . | . . . . . . . . . . . Weapon 18 | . . . 4 2 6 1 3 . . 2 Energy Gun . | . . . . . . . . . . . Energy Cannon 1 | . . . 1 . . . . . . . Ballistic Gun 4 | . . . 1 . 1 . . . . 2 Ballistic Cannon 6 | . . . 1 1 4 . . . . . Launcher 4 | . . . . 1 1 1 1 . . . Special Weapon . | . . . . . . . . . . . Impact Weapon . | . . . . . . . . . . . Slashing Weapon 3 | . . . 1 . . . 2 . . . Piercing Weapon . | . . . . . . . . . . . Special Melee Weapon . | . . . . . . . . . . . Unidentified Prototypes 12 | . . 1 3 . 4 . 1 1 1 1 Parts Lost 35 | . . . 5 . 8 2 7 2 1 10 Power 6 | . . . 2 . 1 . 1 . . 2 Propulsion 11 | . . . . . 2 1 3 1 . 4 Utility 8 | . . . 1 . 2 . 1 1 1 2 Weapon 10 | . . . 2 . 3 1 2 . . 2 Highest Loss Streak 9 | . . . 2 . 7 2 3 2 1 9 To Critical Strikes 4 | . . . . . 4 . . . . . Average Slot Usage (%) 90 | . 87 100 96 100 88 93 75 82 89 80 Engine 3 | . 14 2 4 11 5 . . . . . Core 3 | . . 11 6 . . . . 6 5 4 Reactor 1 | . . . . . 1 11 7 . . . Treads 16 | . . 6 33 33 29 30 6 . . . Leg 3 | . 28 21 . . . . . . . . Hover 6 | . . . . . . . 12 15 20 13 Device 3 | . 2 14 3 . . . . . 5 . Storage 9 | . 14 14 11 11 11 11 7 7 6 4 Processor 5 | . . . 5 11 8 . . . 6 11 Hackware 14 | . . . . . 4 22 22 44 37 36 Protection 4 | . . . 10 11 4 . 8 . . . Ballistic Gun 6 | . 28 28 7 . 5 8 . . . 1 Ballistic Cannon 3 | . . . 2 10 11 8 . . . . Slashing Weapon 5 | . . . 9 11 3 . 5 7 6 3 Naked Turns . | . . . . . . . . . . . Heaviest Build 63 | 13 14 49 56 55 63 63 57 20 25 32 Greatest Support 66 | 20 20 40 66 66 66 64 42 30 30 30 Greatest Overweight (x) 3 | . . 1 1 . 1 1 1 2 . 3 Average Overweight (x) . | . . . . . . . . . . . Largest Inventory Capacity 20 | . 8 20 20 20 20 20 20 10 10 10 Average Capacity 15 | . 8 10 20 20 20 20 12 10 10 9 Most Carried 20 | . 8 8 20 20 20 20 20 10 10 10 Average Carried 12 | . 7 6 13 19 16 20 12 9 9 8 Final Capacity 20 | 8 8 20 20 20 20 20 10 10 10 5 Final Carried 20 | 6 8 5 18 20 20 20 10 10 10 5 Class Distribution -------------------- 53% | Mutant 29% | Hacker-Mutant 17% | Scavenger-Mutant Dominant Class ---------------- Mutant | -10/Materials Mutant | -10/Mines Scavenger-Mutant | -9/Materials Mutant | -9/Mines Mutant | -9/Exiles Mutant | -8/Mines Scavenger-Mutant | -8/Materials Hacker-Mutant | -7/Factory Hacker-Mutant | -6/Factory Hacker-Mutant | -5/Factory Resources | -11 -10 -10 -9 -9 -9 -8 -8 -7 -6 -5 ----------- Run | Jun Mat Min Mat Min Exi Min Mat Fac Fac Fac Matter Collected 4462 | 200 66 144 756 113 2230 69 169 203 244 268 Remotely . | . . . . . . . . . . . Salvage Created 3623 | . 174 175 917 47 297 170 505 290 716 332 Parts 259 | . 10 11 54 8 58 17 26 16 44 15 Haulers Intercepted 3 | . 1 . 2 . . . . . . . Recyclers Shooed 3 | . 1 1 1 . . . . . . . Parts Field Recycled . | . . . . . . . . . . . Retrieved Matter . | . . . . . . . . . . . Parts Self-Destructed . | . . . . . . . . . . . Prevented . | . . . . . . . . . . . Kills | -11 -10 -10 -9 -9 -9 -8 -8 -7 -6 -5 ------- Run | Jun Mat Min Mat Min Exi Min Mat Fac Fac Fac Combat Hostiles Destroyed 69 | . 3 1 16 7 4 9 14 6 4 5 Melee 23 | . . . 7 4 . . 2 6 4 . Guns 18 | . 3 1 4 . . 5 . . . 5 Cannons 7 | . . . 5 1 1 . . . . . AOE 21 | . . . . 2 3 4 12 . . . Classes Destroyed 18 | . 2 1 5 . 3 1 4 2 . . Worker 4 | . . . 1 . . 1 1 . 1 . Builder 6 | . . 1 . . . . 3 . 2 . Tunneler 2 | . . . . . . . 1 . 1 . Hauler 3 | . 1 . 2 . . . . . . . Recycler 5 | . . . 2 . . . . 1 2 . Mechanic 3 | . . . . . . . . 1 2 . Operator 2 | . . . . . . . 1 . 1 . Turret 1 | . . . . . 1 . . . . . Watcher 4 | . . . 1 . . . 1 1 1 . Swarmer 24 | . . . 4 7 . 8 . 5 . . Grunt 27 | . 3 1 9 . . . 9 . 1 4 Brawler 1 | . . . . . . . 1 . . . Duelist 1 | . . . . . . . 1 . . . Sentry 8 | . . . 3 . . . 3 . 2 . Hunter 2 | . . . . . . 1 . . . 1 Programmer 2 | . . . . . . . . 1 1 . Zionite 6 | . . . . . 6 . . . . . Assembled 3 | . . . . . 3 . . . . . Best Kill Streak 9 | . 2 1 4 4 3 9 7 4 2 5 Combat Bots Only 8 | . 2 1 4 4 3 8 5 4 1 5 Max Kills in Single Turn 4 | . 1 1 1 2 2 3 4 1 1 1 Gunslinging . | . . . . . . . . . . . Exploded 3 | . . . . 2 2 2 3 . . . Melee 1 | . . . 1 1 . . 1 1 1 . Uniques/NPCs Destroyed 5 | . . 1 . . 4 . . . . . YI-UF0 (-10/Mines) 8R-AWN (-9/Exiles) EX-BIN (-9/Exiles) EX-HEX (-9/Exiles) EX-DEC (-9/Exiles) Combat | -11 -10 -10 -9 -9 -9 -8 -8 -7 -6 -5 -------- Run | Jun Mat Min Mat Min Exi Min Mat Fac Fac Fac Damage Taken 5788 | . 124 108 758 283 1134 251 1133 404 346 1247 Core 1365 | . 28 . 91 12 137 27 460 162 86 362 Absorbed by Shields . | . . . . . . . . . . . Redirected to Shielding 71 | . . . 6 . . . 65 . . . Regen/Repaired (Parts) 74 | . . . . . . . . . 74 . Core Remaining (%) 67 | 100 . 88 . . . 33 16 76 89 . Volleys Fired 250 | . 14 25 49 8 96 21 19 . . 18 Largest 2 | . 2 2 2 1 2 2 1 . . 2 Hottest 88 | . 40 40 68 44 88 74 30 . . 80 Shots Fired 365 | . 28 50 83 8 121 23 19 . . 33 Gun 258 | . 28 50 71 . 60 16 . . . 33 Cannon 78 | . . . 12 5 59 2 . . . . Launcher 29 | . . . . 3 2 5 19 . . . Special . | . . . . . . . . . . . Kinetic 324 | . 28 50 71 5 119 18 . . . 33 Thermal 12 | . . . 12 . . . . . . . Explosive 29 | . . . . 3 2 5 19 . . . Electromagnetic . | . . . . . . . . . . . Robot Hit Streak 12 | . 4 6 11 3 8 4 5 . . 12 Robot Miss Streak 6 | . 2 3 4 5 6 6 1 . . 2 Penetration Max 1 | . . . . . 1 . . . . 1 Secondary Targets 3 | . 1 1 . . . . . . . 1 Max Gunslinging Chain 1 | . 1 1 . . . . . . . 1 Shots Hit Robots 314 | . 19 35 79 11 73 8 26 14 22 27 Core Hits 174 | . 9 15 33 7 29 11 40 7 11 12 Critical Kills 11 | . . . . . 3 3 . . . 5 Critical Parts Destroyed 14 | . . . . . 6 . . . . 8 Critical Strikes 30 | . . . 3 1 10 3 . . . 13 Destroy 25 | . . . . . 9 3 . . . 13 Blast 1 | . . . . . 1 . . . . . Sever 4 | . . . 3 1 . . . . . . Melee Attacks 178 | . . . 40 12 3 . 27 20 75 1 Impact . | . . . . . . . . . . . Slashing 178 | . . . 40 12 3 . 27 20 75 1 Piercing . | . . . . . . . . . . . Sneak Attacks 28 | . . . 9 1 . . 4 2 12 . Combat Hostiles 2 | . . . . . . . . . 2 . Follow-up Attacks . | . . . . . . . . . . . Damage Inflicted 9204 | . 238 401 1712 577 1713 469 2212 536 1117 229 Guns 2022 | . 216 395 462 . 579 141 . . . 229 Cannons 1257 | . . . 186 28 1024 19 . . . . Explosions 2234 | . . . . 259 110 304 1561 . . . Melee 3654 | . . . 1060 290 . . 651 536 1117 . Ramming 37 | . 22 6 4 . . 5 . . . . Kinetic 3093 | . 216 395 462 28 1603 160 . . . 229 Thermal 186 | . . . 186 . . . . . . . Explosive 2234 | . . . . 259 110 304 1561 . . . Electromagnetic . | . . . . . . . . . . . Impact . | . . . . . . . . . . . Slashing 3654 | . . . 1060 290 . . 651 536 1117 . Piercing . | . . . . . . . . . . . Highest Corruption 4 | . . . . . . . . . . 4 Average Corruption 4 | . . . . . . . . . . 4 Corruption Purged . | . . . . . . . . . . . Corruption Blocked . | . . . . . . . . . . . Overload Shots . | . . . . . . . . . . . Overflow Damage 390 | . . . 94 21 6 14 57 59 139 . Projectiles 7 | . . . 1 . 6 . . . . . Explosions 35 | . . . . 21 . 14 . . . . Melee 348 | . . . 93 . . . 57 59 139 . Knockbacks 4 | . . . . . 4 . . . . . Impact . | . . . . . . . . . . . Kinetic 4 | . . . . . 4 . . . . . Secondary . | . . . . . . . . . . . Self-Inflicted Damage 259 | . . . . 69 6 63 121 . . . Shots 10 | . . . . 2 1 2 5 . . . Rammed 3 | . . . 1 . . 1 1 . . . Targets Rammed 10 | . 5 2 1 . . 1 1 . . . Kicked 7 | . 5 2 . . . . . . . . Crushed . | . . . . . . . . . . . Highest Temperature 211 | . 15 . 211 40 100 . 32 . 2 50 Average Temperature 36 | . 7 . 87 21 30 . 11 . 2 11 Received Heat Transfer 1641 | . 69 78 360 . 45 . 477 45 120 447 Siege Activations . | . . . . . . . . . . . Robots Corrupted . | . . . . . . . . . . . Combat Hostiles . | . . . . . . . . . . . Parts Fried . | . . . . . . . . . . . Impact Corruptions . | . . . . . . . . . . . Robots Melted . | . . . . . . . . . . . Combat Hostiles . | . . . . . . . . . . . Parts Melted 5 | . . . . . 4 . . . 1 . Heat Transferred 333 | . . . 333 . . . . . . . Parts Sabotaged . | . . . . . . . . . . . Parts Stolen . | . . . . . . . . . . . Parts Stripped . | . . . . . . . . . . . Power Chain Reactions . | . . . . . . . . . . . Missiles Intercepted . | . . . . . . . . . . . Alert | -11 -10 -10 -9 -9 -9 -8 -8 -7 -6 -5 ------- Run | Jun Mat Min Mat Min Exi Min Mat Fac Fac Fac Peak Influence 607 | . 129 193 310 213 . 252 607 531 328 229 Initial 259 | . . 49 . 27 . . 98 255 259 105 Average 203 | . 51 128 176 175 . 99 365 386 235 128 Maximum Alert Level 2 | . . . 1 1 . 1 2 2 1 1 Low Security (%) 54 | . 100 100 62 50 . 76 20 . 30 88 Level 1 35 | . . . 37 49 . 23 17 48 69 11 Level 2 9 | . . . . . . . 62 51 . . Level 3 . | . . . . . . . . . . . Level 4 . | . . . . . . . . . . . Level 5 . | . . . . . . . . . . . High Security . | . . . . . . . . . . . Max Security . | . . . . . . . . . . . Squads Dispatched 15 | . 2 . 1 . . . 2 1 6 3 Investigation 10 | . 2 . 1 . . . . 1 3 3 Extermination 2 | . . . . . . . . . 2 . Reinforcement 3 | . . . . . . . 2 . 1 . Assault . | . . . . . . . . . . . Garrison . | . . . . . . . . . . . Intercept . | . . . . . . . . . . . Searches Triggered . | . . . . . . . . . . . Construction Impeded 2 | . . . . . . . 2 . . . Haulers Reinforced 1 | . . . . . . . . . 1 . Active Scanning Responses . | . . . . . . . . . . . Cargo Convoy Interrupts . | . . . . . . . . . . . Stealth | -11 -10 -10 -9 -9 -9 -8 -8 -7 -6 -5 --------- Run | Jun Mat Min Mat Min Exi Min Mat Fac Fac Fac Distress Signals 6 | . 1 . 3 . . . 1 . 1 . Communications Jammed . | . . . . . . . . . . . Distress Signals . | . . . . . . . . . . . Times Spotted 153 | . 7 5 19 7 26 10 32 17 15 15 Peak Tracking Total 12 | . 3 3 4 4 9 3 9 4 7 12 Tactical Retreats 20 | . . . . . 10 . 3 4 3 . Traps | -11 -10 -10 -9 -9 -9 -8 -8 -7 -6 -5 ------- Run | Jun Mat Min Mat Min Exi Min Mat Fac Fac Fac Traps Triggered 5 | . 2 . . . . . . 1 1 1 Indirectly . | . . . . . . . . . . . Trap Hack Attempts . | . . . . . . . . . . . Triggered . | . . . . . . . . . . . Disarmed . | . . . . . . . . . . . Reprogrammed . | . . . . . . . . . . . Reused . | . . . . . . . . . . . Traps Extracted . | . . . . . . . . . . . Installed . | . . . . . . . . . . . Triggered . | . . . . . . . . . . . Most Traps Carried 1 | . . . . 1 1 1 1 . . . Machines | -11 -10 -10 -9 -9 -9 -8 -8 -7 -6 -5 ---------- Run | Jun Mat Min Mat Min Exi Min Mat Fac Fac Fac Machines Disabled 21 | . . . 4 . 12 1 3 . 1 . Max in Single Turn 2 | . . . . . 2 1 1 . 1 . Garrison Access 3 | . . . . . . . . 1 2 . Machines Repaired . | . . . . . . . . . . . Machines Sabotaged . | . . . . . . . . . . . Overloaded Fab Kills . | . . . . . . . . . . . Hacking | -11 -10 -10 -9 -9 -9 -8 -8 -7 -6 -5 --------- Run | Jun Mat Min Mat Min Exi Min Mat Fac Fac Fac Machines Accessed 30 | . 3 . 4 . 2 . 3 4 11 3 Terminals 18 | . 3 . 2 . . . 3 3 7 . Fabricators 4 | . . . . . . . . . 1 3 Repair Stations 1 | . . . . . . . . . 1 . Recycling Units 1 | . . . 1 . . . . . . . Scanalyzers 1 | . . . 1 . . . . . . . Garrison Access 3 | . . . . . . . . 1 2 . Total Hacks 84 | . 10 . 9 . 2 . 9 9 35 10 Successful 39 | . 3 . 3 . 2 . 1 2 20 8 Failed 44 | . 7 . 5 . . . 8 7 15 2 Catastrophic 13 | . 3 . 1 . . . 3 3 3 . Database Lockouts 1 | . . . 1 . . . . . . . Manual 45 | . 9 . 5 . 1 . 9 4 17 . Terminals 59 | . 10 . 5 . . . 9 8 27 . Fabricators 11 | . . . . . . . . . 1 10 Repair Stations 2 | . . . . . . . . . 2 . Recycling Units 2 | . . . 2 . . . . . . . Scanalyzers 2 | . . . 2 . . . . . . . Garrison Access 6 | . . . . . . . . 1 5 . Terminal Hacks 19 | . 2 . 2 . 2 . 1 1 11 . Record 1 | . . . . . 1 . . . . . Part Schematic 3 | . . . 1 . . . . . 2 . Robot Schematic 1 | . 1 . . . . . . . . . Robot Analysis 1 | . 1 . . . . . . . . . Level Access Points 3 | . . . . . . . 1 1 1 . Branch Access Points 2 | . . . 1 . . . . . 1 . Terminal Index 1 | . . . . . . . . . 1 . Fabricator Index 1 | . . . . . . . . . 1 . Scanalyzer Index 1 | . . . . . . . . . 1 . Garrison Index 1 | . . . . . . . . . 1 . Alert Level 1 | . . . . . . . . . 1 . Locate Traps 1 | . . . . . . . . . 1 . Maintenance Status 1 | . . . . . . . . . 1 . Derelict Proto ID Bank 1 | . . . . . 1 . . . . . Fabricator Hacks 8 | . . . . . . . . . . 8 Network Status 1 | . . . . . . . . . . 1 Load Schematic 3 | . . . . . . . . . . 3 Build 4 | . . . . . . . . . . 4 Repair Station Hacks 2 | . . . . . . . . . 2 . Scan Component 1 | . . . . . . . . . 1 . Repair 1 | . . . . . . . . . 1 . Recycling Unit Hacks . | . . . . . . . . . . . Scanalyzer . | . . . . . . . . . . . Garrison Access Hacks 3 | . . . . . . . . 1 2 . Seal Access 3 | . . . . . . . . 1 2 . Unauthorized Hacks 7 | . 1 . 1 . . . . . 5 . Terminals 5 | . 1 . . . . . . . 4 . Assimilate 2 | . . . . . . . . . 2 . Botnet 2 | . 1 . . . . . . . 1 . Operators 1 | . . . . . . . . . 1 . Fabricators 1 | . . . . . . . . . 1 . Recompile 1 | . . . . . . . . . 1 . Repair Stations . | . . . . . . . . . . . Recycling Units 1 | . . . 1 . . . . . . . Tunnel 1 | . . . 1 . . . . . . . Scanalyzers . | . . . . . . . . . . . Garrison Access . | . . . . . . . . . . . Data Cores Recovered 1 | . . . . . . . 1 . . . Used . | . . . . . . . . . . . Hacking Detections 23 | . 3 . 4 . . . 3 3 7 3 Full Trace Events 6 | . . . . . . . . 1 2 3 Feedback Events . | . . . . . . . . . . . Feedback Blocked . | . . . . . . . . . . . Robot Schematics Acquired 1 | . 1 . . . . . . . . . Robots Built . | . . . . . . . . . . . Authchips . | . . . . . . . . . . . Time . | . . . . . . . . . . . Total Robot Build Rating . | . . . . . . . . . . . Part Schematics Acquired 3 | . . . 1 . . . . . 2 . Parts Built 4 | . . . . . . . . . . 4 Authchips 1 | . . . . . . . . . . 1 Time 332 | . . . . . . . . . . 332 Total Part Build Rating 24 | . . . . . . . . . . 24 Parts Repaired 1 | . . . . . . . . . 1 . Time 70 | . . . . . . . . . 70 . Parts Recycled . | . . . . . . . . . . . Recycled Matter . | . . . . . . . . . . . Retrieved Matter . | . . . . . . . . . . . Retrieved Components . | . . . . . . . . . . . Parts Scanalyzed . | . . . . . . . . . . . Part Schematics Acquired . | . . . . . . . . . . . Parts Damaged . | . . . . . . . . . . . Bothacking | -11 -10 -10 -9 -9 -9 -8 -8 -7 -6 -5 ------------ Run | Jun Mat Min Mat Min Exi Min Mat Fac Fac Fac Used RIF Installer . | . . . . . . . . . . . Robots Hacked . | . . . . . . . . . . . Non-combat . | . . . . . . . . . . . Combat . | . . . . . . . . . . . Robot Hacks Applied . | . . . . . . . . . . . Relay Couplers Released . | . . . . . . . . . . . Fabnet Peak Effective % . | . . . . . . . . . . . Robots Rewired . | . . . . . . . . . . . Allies Hacked . | . . . . . . . . . . . Hacks Repelled . | . . . . . . . . . . . Allies | -11 -10 -10 -9 -9 -9 -8 -8 -7 -6 -5 -------- Run | Jun Mat Min Mat Min Exi Min Mat Fac Fac Fac Total Allies 7 | . . 3 . . . . . . 4 . Largest Group 3 | . . 3 3 . . . . . 3 . Highest-Rated Group 93 | . . 40 40 . . . . . 93 . Highest-Rated Ally 31 | . . 16 16 . . . . . 31 . Total Orders . | . . . . . . . . . . . Ally Attacks 53 | . . 10 14 . . . . . 29 . Total Damage 750 | . . 111 132 . . . . . 507 . Kills 6 | . . 4 1 . . . . . 1 . Allies Corrupted . | . . . . . . . . . . . Allies Melted . | . . . . . . . . . . . Intel | -11 -10 -10 -9 -9 -9 -8 -8 -7 -6 -5 ------- Run | Jun Mat Min Mat Min Exi Min Mat Fac Fac Fac Robot Analysis Total 1 | . 1 . . . . . . . . . Derelict Logs Recovered 2 | . . 1 . 1 . . . . . . Drone Launches . | . . . . . . . . . . . Drone Recoveries . | . . . . . . . . . . . Exploration | -11 -10 -10 -9 -9 -9 -8 -8 -7 -6 -5 ------------- Run | Jun Mat Min Mat Min Exi Min Mat Fac Fac Fac Turns Passed 6229 | . 332 530 1273 233 1332 198 511 298 1226 296 Spaces Moved 4490 | 1 234 323 619 126 616 91 462 371 1350 297 Core 14 | . . . . . . . 14 . . . Treads 1560 | . . 47 619 126 616 91 61 . . . Legs 511 | 1 234 276 . . . . . . . . Wheels . | . . . . . . . . . . . Hover 2318 | . . . . . . . 387 371 1350 210 Flight 87 | . . . . . . . . . . 87 Fastest Speed 26 | 120 120 120 145 145 145 150 50 51 48 26 Average Speed 97 | 120 120 137 155 145 161 168 78 54 49 43 Slowest Speed 240 | 120 120 240 225 145 225 232 232 180 55 210 Overloaded Moves 69 | . . . . . . . . . . 69 Propulsion Burnouts . | . . . . . . . . . . . Robots Hopped 1 | . . . . . . . . . . 1 Cave-ins Triggered . | . . . . . . . . . . . Exploration Rate (%) 37 | 2 37 70 54 28 88 35 47 16 28 4 Regions Visited 10 Branch Regions 4 Pre-discovered Areas 3 | . . . 1 1 1 . . . . . Known Exits Taken 5 | . . . 1 . . 1 1 1 1 . Unknown Exits Taken 5 | 1 1 1 . 1 1 . . . . . Scrap Searched 1 | . . 1 . . . . . . . . Spaces Dug 101 | . . . 9 9 1 25 7 4 45 1 Terrain Destroyed 277 | . . . 9 39 30 61 87 4 45 2 Melee 66 | . . . 9 . . . 7 4 45 1 Projectile 31 | . . . . 4 16 11 . . . . AOE 177 | . . . . 35 12 50 80 . . . Terrain Rammed . | . . . . . . . . . . . Walls Destroyed . | . . . . . . . . . . . Machines Disabled . | . . . . . . . . . . . Actions | -11 -10 -10 -9 -9 -9 -8 -8 -7 -6 -5 --------- Run | Jun Mat Min Mat Min Exi Min Mat Fac Fac Fac Total 5712 | . 258 367 796 149 830 113 548 433 1793 425 Wait 561 | . 3 . 25 . 60 . 10 28 344 91 Move 4478 | . 233 322 618 125 615 90 461 370 1349 295 Hop 1 | . . . . . . . . . . 1 Pick Up 71 | . 2 2 23 2 20 . 9 4 5 4 Fast Attach 32 | . 1 . 6 . 6 . 10 3 3 3 Attach 31 | . . 2 7 . 6 . 2 4 3 7 Detach 1 | . . . . . 1 . . . . . Swap 36 | . . 6 10 2 4 1 2 2 7 2 Drop 63 | . . 8 17 . 19 . 7 2 7 3 Fire 250 | . 14 25 49 8 96 21 19 . . 18 Melee 178 | . . . 40 12 3 . 27 20 75 1 Ram . | . . . . . . . . . . . Kick 7 | . 5 2 . . . . . . . . Crush 3 | . . . 1 . . 1 1 . . . Escape Stasis . | . . . . . . . . . . . Rewire . | . . . . . . . . . . . Trap . | . . . . . . . . . . . Miscellaneous . | . . . . . . . . . . . Route ------- -11/Junkyard -10/Materials (discovered 2 exits: *Mat / [*Min]) -10/Mines -9/Materials (discovered 3 exits: *Mat x2 / *Min) -9/Mines -9/Exiles -8/Mines -8/Materials (discovered 3 exits: *Fac x3) -7/Factory (discovered 4 exits: *Fac x4) -6/Factory (discovered 6 exits: *Fac x4 / *Low x2) -5/Factory History --------- Turn | Location | Event 1 | -11/Junkyard | Discovered new exit (range 0) 1 | -11/Junkyard | Entered Materials 280 | -10/Materials | Discovered new exit (range 13) 302 | -10/Materials | Discovered new exit (range 16) 317 | -10/Materials | Build established: Mutant 333 | -10/Materials | Entered Mines 336 | -10/Mines | Assisted by bots powering up and referring to "LRC-V3" 345 | -10/Mines | Learned location of 1 exit from Materials 606 | -10/Mines | Discovered new exit (range 7) 640 | -10/Mines | YI-UF0 nonchalantly dropped a Grenade Launcher on the ground 712 | -10/Mines | Destroyed YI-UF0 717 | -10/Mines | Found Prototype Storage 750 | -10/Mines | Identified YI-UF0's Bottomless Matter Pit 863 | -10/Mines | Entered Materials 863 | -9/Materials | Accompanied by 3 allies 863 | -9/Materials | Evolved 2 slots: Propulsion x1, Utility x1 864 | -9/Materials | Identified exit to Materials 1305 | -9/Materials | Build established: Scavenger-Mutant 1494 | -9/Materials | Discovered new exit (range 15) 1726 | -9/Materials | Identified exit to Mines 1726 | -9/Materials | Central database locked down 1927 | -9/Materials | Discovered exit to Materials (range 16) 2093 | -9/Materials | Build established: Mutant 2136 | -9/Materials | Entered Mines 2154 | -9/Mines | Met a Derelict bent on vengeance 2297 | -9/Mines | Found a hidden stash of uninstalled traps 2363 | -9/Mines | Deemed a non-threat by the Exiles lab entrance 2363 | -9/Mines | Discovered new exit (range 5) 2369 | -9/Mines | Entered Exiles 2416 | -9/Exiles | Met 8R-AWN 2441 | -9/Exiles | Met EX-HEX 2481 | -9/Exiles | Met EX-BIN 2497 | -9/Exiles | Aligned with FarCom system 2499 | -9/Exiles | Given EX-Vault access code 2532 | -9/Exiles | Opened EX-Vault 2565 | -9/Exiles | Warned to stay clear of 0b10 Research branches 2674 | -9/Exiles | Met EX-DEC 2697 | -9/Exiles | Learned location of Zion (-7) 2779 | -9/Exiles | Attacked by the Exiles 2931 | -9/Exiles | Core integrity fell below 50% 2951 | -9/Exiles | Lost 7 parts (1p2n2u2w) 2962 | -9/Exiles | Destroyed 8R-AWN 2973 | -9/Exiles | Found Prototype Ballistic Gun 2973 | -9/Exiles | Identified 8R-AWN's Boregun 3217 | -9/Exiles | Destroyed EX-BIN 3330 | -9/Exiles | Found Prototype Device 3330 | -9/Exiles | Identified System Purifier 3350 | -9/Exiles | Destroyed EX-HEX 3382 | -9/Exiles | Destroyed EX-DEC 3417 | -9/Exiles | Found Prototype Processor 3417 | -9/Exiles | Identified Exp. Core Analyzer 3685 | -9/Exiles | Discovered new exit (range 12) 3701 | -9/Exiles | Entered Mines 3876 | -8/Mines | Destroyed 8 combat bots 3890 | -8/Mines | Discovered exit to Materials (range 5) 3899 | -8/Mines | Entered Materials 3899 | -8/Materials | Evolved 2 slots: Utility x2 4046 | -8/Materials | Identified exit to Factory 4140 | -8/Materials | Lost 3 parts (3n) 4244 | -8/Materials | Core integrity fell below 50% 4315 | -8/Materials | Core integrity fell below 20% 4410 | -8/Materials | Entered Factory 4410 | -7/Factory | Evolved 2 slots: Utility x2 4592 | -7/Factory | Identified exit to Factory 4614 | -7/Factory | Build established: Hacker-Mutant 4708 | -7/Factory | Entered another Factory area 4708 | -6/Factory | Evolved 2 slots: Utility x2 5156 | -6/Factory | Identified exit to Lower Caves 5186 | -6/Factory | Discovered new exit (range 11) 5341 | -6/Factory | Repaired Enh. Nuclear Core 5681 | -6/Factory | Allied Derelicts emerged from ambush trap array 5811 | -6/Factory | Identified exit to Factory 5934 | -6/Factory | Entered another Factory area 5934 | -5/Factory | Evolved 2 slots: Utility x2 6011 | -5/Factory | Fabricated Cld. VTOL Module? 6029 | -5/Factory | Fabricated Hyp. Railgun? 6150 | -5/Factory | Fabricated Cld. VTOL Module? 6230 | -5/Factory | Self-destructed Last Messages --------------- >>Build Building Cld. VTOL Module... ETC: 67 06197_ ALERT: Unauthorized use of fabrication network. Dispatching investigation squad. 06200_ Dropped Med. Storage Unit. 06200_ Critical hit (Burn: +37). 06201_ System Shield destroyed. 06204_ Acquired 140 matter. 06205_ Acquired 118 matter. 06209_ Dropped Gravmag Array. 06210_ Acquired Cld. VTOL Module. 06216_ Acquired 10 matter. 06217_ Acquired Lgt. Fission Core. 06217_ Penetrated by Slug. 06226_ Triggered EM Surge Trap. 06226_ The floor emits a surge of raw power. 06226_ System corrupted (+4). 06227_ Penetrated by Slug. 06227_ Lgt. Fission Core destroyed. Map ----- +----------------------------------------------------+ | ?????????????????????????????????????????????????? | | ?????????????????????????????????????????????????? | | ?????????????????????????????????????????????????? | | ?????????????????????????????????????????????????? | | ?????????????????????????????????????????????????? | | ?????????????????????????????????????????????????? | | ?????????????? ????????????????????????????????? | | ???????????? ????????????????????????????????? | | ???????????# ????????????????????????????????? | | ???????????# ????????????????????????????????? | | ???????????# #???????????????????????????????? | | ???????????# #???????????????????????????????? | | ???????????# #???????????????????????????????? | | ???????????# #???????????????????????????????? | | ???????????# #???????????????????????????????? | | ???????????# #???????????????????????????????? | | ???????????# ################ ???????????????? | | ???????????# ??????????????? | | ???????????# ??????????????? | | ???????????# ?????????????? | | ???????????# ?????????????? | | ???????????# ?????????????? | | ???????????# ####+#######????????????????????? | | ???????????# % # #?????????????????????? | | ???????????# # #?????????????????????? | | ???????????# # @ #?????????????????????? | | ???????????# # #?????????????????????? | | ???????????# ###########?????????????????????? | | ???????????# # ??????????????????????? | | ???????????# # """ ""??????????????????????? | | ???????????# # """ """?????????????????????? | | ???????????# # """ """?????????????????????? | | ???????????# # ??????????????????????? | | ???????????# # """ ""??????????????????????? | | ???????????# + """ ""??????????????????????? | | ???????????# # """ ""??????????????????????? | | ??########## # ??????????????????????? | | ??# """"" # # ????????????????????? | | ??# "" F" # # ???????????????????? | | ??# "" "" # # #??????????????????? | | ??# # ##############??????????????????? | | ??# + #???????????????????????????????? | | ??# """ # #???????????????????????????????? | | ??# """ # #???????????????????????????????? | | ??# """ # #???????????????????????????????? | | ??#= # #???????????????????????????????? | | ??#####+#### #???????????????????????????????? | | ??????# #??# #??????"????????????????????????? | | #####?# #??# #????? "????????????????????????? | | #?# #??# #???? ?????????????????????????? | +----------------------------------------------------+ Best States ------------- Heat Dissipation 47 Energy Generation 18 Energy Capacity 300 Matter Stores 300 Matter Capacity 300 Sight Range 16 Robot Scan Range 19 Terrain Scan Density 10 Armor Coverage 150 Core Shielding 20 Utility Shielding 66 Evasion (%) 64 Targeting Accuracy 8 Melee Accuracy 6 Launcher Accuracy 40 Recoil Reduction 3 Offensive Hacking 38 Defensive Hacking 20 Authchip Count 1 Item Schematics ----------------- Hcp. Storage Unit | -9/Materials | Hacked Hvy. Siege Treads | -6/Factory | Hacked Cld. VTOL Module | -6/Factory | Hacked Robot Schematics ------------------ O-16 Technician | -10/Materials | Hacked Fabricated ------------ Cld. VTOL Module | x1 | -5/Factory | Authchip Hyp. Railgun | x2 | -5/Factory | Preloaded Cld. VTOL Module | x1 | -5/Factory Alien Tech Used ----------------- None Achievements -------------- None Challenges ------------ None Game ------ Seed MatterCoolantSaw Manual? 0 Play Time 00:57:09 Cumulative 464.7 hours Start 2023.10.07 @ 13:24:21 End 2023.10.07 @ 18:49:44 Sessions 1 Manual Loads 0 Difficulty Rogue Special Mode None Game No. 514 Rogue 514 Adventurer 0 Explorer 0 Win Type - Total 13 Types 9/0/3/1/0/0/0/0/0 Lore% 82 Gallery% 90 Achievement% 81 Wizard Run 0 Options --------- ASCII 0 Keyboard 0 Movement Numpad Keybinds 0 Fullscreen 1 Font 18/Terminus Map View 76x50 Tactical HUD 1 Map Filters NONE Filters NONE Steam 1 RUN: 384cb683-f75f-41be-b074-5981971beeb3